 Dungeon Crawl Stone Soup version 0.26-a0-651-gb41185065b (webtiles) character file.

Game seed: 12544232847442470583

736 Kiburo the Digger (level 7, 0/36 HPs)
             Began as a Gargoyle Earth Elementalist on Sept 29, 2020.
             Was a Follower of Vehumet.
             Slain by Pikel
             ... wielding a +2 whip of flaming
              (8 damage)
             ... on level 4 of the Dungeon.
             The game lasted 00:07:33 (4965 turns).

Kiburo the Digger (Gargoyle Earth Elementalist)     Turns: 4965, Time: 00:07:33

Health: 0/36       AC:  7    Str: 18    XL:     7   Next: 74%
Magic:  12/14      EV: 12    Int: 17    God:    Vehumet [*.....]
Gold:   232        SH:  0    Dex: 10    Spells: 6/15 levels left

rFire    . . .     SeeInvis .   e - +1 dagger (venom)
rCold    . . .     Faith    .   (no shield)
rNeg     + . .     Spirit   .   c - +0 robe
rPois    ∞         Reflect  .   (no helmet)
rElec    +         Harm     .   (no cloak)
rCorr    .         Rampage  .   m - +0 pair of gloves (curse)
MR       .....                  (no boots)
Stlth    +.........             (no amulet)
HPRegen  0.12/turn              l - +6 ring of strength
MPRegen  0.14/turn              s - ring of attention (curse)

@: no status effects
A: negative energy resistance 1, electricity resistance, unbreathing,
petrification resistance, rot immunity, AC +4
a: Renounce Religion


You were on level 4 of the Dungeon.
You worshipped Vehumet.
Vehumet was aware of your devotion.
You visited 2 branches of the dungeon, and saw 7 of its levels.

You collected 232 gold pieces.

Inventory:

Hand Weapons
 a - a +0 short sword
 d - a +0 flail
 e - a +1 dagger of venom (weapon)
Missiles
 b - 173 stones (quivered)
Armour
 c - a +0 robe (worn)
 m - a cursed +0 pair of gloves (worn)
Jewellery
 l - a +6 ring of strength (left hand)
 q - an uncursed ring of fire
 s - a cursed ring of attention (right hand)
Wands
 r - a wand of flame (15)
Scrolls
 h - a scroll of teleportation
 k - a scroll of amnesia {unknown}
 o - a scroll of magic mapping {unknown}
 t - a scroll of enchant weapon {unknown}
 u - a scroll of remove curse {unknown}
Potions
 f - 3 potions of cancellation
 g - 2 potions of haste
 i - 2 potions of lignification
 j - 2 potions of invisibility
 n - a potion of degeneration {unknown}
 p - 2 potions of brilliance


   Skills:
 - Level 1.5 Dodging
 - Level 2.1 Stealth
 + Level 4.8 Spellcasting
 + Level 4.6 Conjurations
   Level 0.7 Transmutations
 + Level 6.9 Earth Magic


You had 6 spell levels left.
You knew the following spells:

 Your Spells              Type           Power        Failure   Level
a - Sandblast             Erth           ####..       1%          1
b - Stone Arrow           Conj/Erth      ###...       4%          3
c - Lee's Rapid Deconstr  Erth           ####......   22%         5

Your spell library contained the following spells:

 Spells                   Type           Power        Failure   Level
 Freeze                   Ice            #...         14%         1
 Passwall                 Tmut/Erth      ###.....     4%          2
 Petrify                  Tmut/Erth      ###.....     30%         4


Dungeon Overview and Level Annotations

Branches:
Dungeon (6/15)             Temple (1/1) D:6

Altars:
Ashenzari
Cheibriados
Dithmenos
Elyvilon
Fedhas
Hepliaklqana
Kikubaaqudgha
Makhleb
Okawaru
Qazlal
Uskayaw
Vehumet
Xom
Yredelemnul
Zin
The Shining One

Shops:
D:5 [

Annotations:
D:4 Pikel


Innate Abilities, Weirdness & Mutations

You are resistant to torment.
Your stone body is resilient. (AC +4)
You are immune to poison.
You resist negative energy. (rN+)
You are resistant to electric shocks. (rElec)
You can survive without breathing.
You are immune to petrification.
You are immune to rotting.


Message History

The worker ant waves its antennae.
Casting: Stone Arrow (dangerous; 4% risk of failure)
Confirm with . or Enter, or press ? or * to list all spells.
Aiming: Sandblast (safe; 1% risk of failure)
Press: ? - help, Shift-Dir - straight line, f - Pikel
Aim: Pikel, wielding a +2 whip of flaming and wearing a +0 robe (severely wounded, very poisoned)
The blast of sand misses Pikel.
The blast of sand hits the lemure!
The lemure is moderately wounded.
b - 174 stones Pikel hits you but does no damage.
Casting: Sandblast (safe; 1% risk of failure)
Confirm with . or Enter, or press ? or * to list all spells.
Aiming: Sandblast (safe; 1% risk of failure)
Press: ? - help, Shift-Dir - straight line, f/p - Pikel
Aim: Pikel, wielding a +2 whip of flaming and wearing a +0 robe (severely wounded, very poisoned)
The blast of sand hits Pikel.
Pikel is almost dead.
b - 173 stones Pikel hits you with a +2 whip of flaming!
You die...

#.#.# ### #.#.#
##########.## #.#.#
#...........#
#.#.###.########.##
#.a5....# #.##
###5##### #..# #5#
##.# #K# #.# #@####
#.# #...># ###.#
####.# #...#
#######.########...##
#........<...#.......
#.#####.####.#.......
#.# #.# #.#..†....
#.# #.# #.###...##
#.# #.# ##.###.....


You could see Pikel (very poisoned), 3 lemures and a worker ant.

Vanquished Creatures
  Grinder (D:4)
  2 sky beasts (D:5)
  A lemure (D:4)
  A quasit (D:5)
  A bullfrog zombie (D:6)
  A bullfrog skeleton (D:6)
  A hound (D:5)
  Jessica (D:2)
  An iguana (D:5)
  2 worker ants
  4 adders
  An ufetubus (D:6)
  An ooze (D:6)
  3 worms
  A dart slug (D:4)
  5 leopard geckos
  4 orcs
  A ball python (D:4)
  6 bats
  A giant cockroach (D:1)
  10 goblins
  4 hobgoblins
  A quokka (D:4)
  7 frilled lizards
  7 kobolds
  12 rats
80 creatures vanquished.

Notes
Turn   | Place    | Note
-------+----------+-------------------------------------------
     0 | D:1      | Kiburo the Gargoyle Earth Elementalist began the quest for
                  | the Orb.
     0 | D:1      | Reached XP level 1. HP: 10/10 MP: 3/3
   236 | D:1      | Reached XP level 2. HP: 6/15 MP: 3/5
   437 | D:1      | Reached skill level 4 in Earth Magic
  1398 | D:2      | Reached XP level 3. HP: 18/19 MP: 6/6
  1403 | D:2      | Learned a level 3 spell: Stone Arrow
  1836 | D:2      | Noticed Jessica
  1845 | D:2      | Killed Jessica
  1845 | D:2      | Reached skill level 1 in Conjurations
  2062 | D:2      | Reached XP level 4. HP: 24/24 MP: 8/8
  2328 | D:2      | Found a snail-covered altar of Cheibriados.
  2542 | D:3      | You fall into a shaft and drop 3 floors!
  2590 | D:6      | Reached skill level 5 in Earth Magic
  2590 | D:6      | Reached XP level 5. HP: 20/28 MP: 4/9
  2597 | D:6      | Learned a level 5 spell: Lee's Rapid Deconstruction
  2678 | D:6      | Found a staircase to the Ecumenical Temple.
  2690 | Temple   | Entered the Ecumenical Temple
  2791 | Temple   | Became a worshipper of Vehumet
  2835 | D:6      | Noticed an orc warrior
  2925 | D:6      | Found an iron altar of Okawaru.
  2930 | D:6      | Noticed an ogre
  2930 | D:6      | Noticed a sky beast
  2930 | D:6      | Noticed a sky beast
  2939 | D:5      | Entered Level 5 of the Dungeon
  2946 | D:5      | Killed a sky beast
  2946 | D:5      | Reached XP level 6. HP: 11/32 MP: 6/11
  2948 | D:5      | Found Zinah's Antique Armour Shop.
  3007 | D:5      | Killed a sky beast
  3007 | D:5      | Reached skill level 6 in Earth Magic
  3398 | D:5      | Found a burning altar of Makhleb.
  3581 | D:5      | Reached XP level 7. HP: 36/36 MP: 6/13
  3895 | D:4      | Found a white marble altar of Elyvilon.
  3937 | D:4      | Noticed Grinder
  3938 | D:4      | Paralysed by Grinder for 7 turns
  3948 | D:4      | Killed Grinder
  4520 | D:3      | Reached * piety under Vehumet
  4520 | D:3      | Offered knowledge of Freeze by Vehumet.
  4935 | D:4      | Noticed Pikel
  4965 | D:4      | Slain by Pikel

Illustrated notes

Levels and vault maps discovered:
D:1:      dpeg_arrival_ratfight, layout_basic, moated_statue
D:2:      layout_basic, old_standard_altar, uniq_jessica
D:3:      layout_rooms
D:4:      layout_loops_ring, elyvilon_altar_5, marbit_many_paths, uniq_grinder,
          uniq_pikel
D:5:      layout_basic, grunt_temple_overflow_opulence,
          overflow_temple_1_default, makhleb_blood_cavern_becter, serial_shops,
          shop, minmay_crystal_room, roderic_roman_lattice, minivault_14
D:6:      layout_rooms, okawaru_gym_becter, temple_fountains
Temple:   minmay_temple_bridge_abc

Skill      XL: |  1  2  3  4  5  6  7 |
---------------+----------------------+-----
Earth Magic    | 4 5 6 |  6.9
Conjurations   | 1 2 3 4 |  4.6
Spellcasting   | 3 4 |  4.8
Dodging        | |  1.5
Stealth        | |  2.1
Transmutations | |  0.7

Action                   |  1- 3 |  4- 6 |  7- 9 || total
-------------------------+-------+-------+-------++-------
Melee: Short sword       |    24 |       |       ||    24
       Dagger            |    69 |    59 |    90 ||   218
 Cast: Sandblast         |     4 |    29 |     6 ||    39
       Stone Arrow       |       |     1 |     5 ||     6
  Use: Scroll            |       |     6 |     1 ||     7
       Potion            |       |     2 |       ||     2
 Stab: Sleeping          |     6 |     4 |     1 ||    11
Armor: Robe              |    20 |    33 |    38 ||    91
Dodge: Dodged            |    53 |    59 |    48 ||   160

Table legend: (Time is in decaauts)
 A = Elapsed time spent in this place.
 B = Non-inter-level travel time spent in this place.
 C = Inter-level travel time spent in this place.
 D = Time resting spent in this place.
 E = Time spent auto-exploring this place.
 F = Levels seen in this place.
 G = Mean time per level.
                   A        B        C        D        E       F      G
               +--------+--------+--------+--------+--------+-----+--------+
         Total |   4945 |   4803 |    142 |    705 |   3352 |   7 |  706.4 |
       Dungeon |   4824 |   4701 |    123 |    705 |   3255 |   6 |  804.0 |
        Temple |    120 |    101 |     19 |      0 |     97 |   1 |  120.0 |
               +--------+--------+--------+--------+--------+-----+--------+

Top non-repeatable levels by time:
     D:1: 1313 daAuts
     D:2: 1204 daAuts
     D:5: 796 daAuts
     D:4: 761 daAuts
     D:3: 472 daAuts
     D:6: 276 daAuts
  Temple: 120 daAuts
